 Dungeon Crawl Stone Soup version 0.30.1-4-g462c640d31 (webtiles) character file.

Game seed: 4702959457726507437

443 Danienth the Grave Robber (level 6, -7/44 HPs)
             Began as a Demonspawn Necromancer on Sept 4, 2023.
             Mangled by an ogre
             ... wielding a +0 giant club
              (22 damage)
             ... on level 4 of the Dungeon.
             The game lasted 00:19:15 (3695 turns).

Danienth the Grave Robber (Demonspawn Necromancer)  Turns: 3695, Time: 00:19:16

Health: -7/44      AC:  6    Str: 10    XL:     6   Next: 71%
Magic:  12/12      EV: 12    Int: 16    God:
Gold:   74         SH:  5    Dex: 14    Spells: 0/13 levels left

rFire   + . .        o - +3 short sword (venom)
rCold   + + .        (no shield)
rNeg    . . .        c - +2 robe {rC+}
rPois   +            (no helmet)
rElec   .            d - scarf {rC+ rF+}
rCorr   .            j - +1 pair of gloves
SInv    .            (no boots)
Will    .....        q - amulet of reflection
Stlth   ++           (no ring)
HPRegen 0.27/turn    (no ring)
MPRegen 0.13/turn

%: random rage (3%), reflection
@: brilliant, on berserk cooldown, slowed, invisible, very slow
A: spiny 1, talons 1, berserk 1, sense surroundings 1, poison resistance
a: no special abilities


You were on level 4 of the Dungeon.
You visited 1 branch of the dungeon, and saw 4 of its levels.

You collected 162 gold pieces.
You spent 88 gold pieces at shops.

Inventory:

Hand Weapons
 b - a +0 dagger
 k - a +0 sling
 o - a +3 short sword of venom (weapon)
 r - a +2 short sword of freezing
 t - the +6 long sword of Opniutu {holy, rPois rF+ Will+ Dex-2}
   (You found it on level 4 of the Dungeon)

   Dex:       It affects your dexterity (-2).
   rF:        It protects you from fire.
   rPois:     It protects you from poison.
   Will:      It increases your willpower.
Missiles
 v - a boomerang of dispersal
Armour
 a - a +0 robe
 c - a +2 robe of cold resistance (worn)
 d - a scarf of resistance (worn)
 e - a +0 robe
 j - a +1 pair of gloves (worn)
Jewellery
 q - an amulet of reflection (around neck)
Scrolls
 l - a scroll of noise {unknown}
 n - a scroll of acquirement {unknown}
 s - a scroll of magic mapping {unknown}
 u - 3 scrolls of identify
Potions
 f - a potion of brilliance
 g - a potion of degeneration
 h - a potion of magic
 i - a potion of berserk rage
 p - 2 potions of mutation


   Skills:
 * Level 2.0 Fighting
 * Level 1.6 Short Blades
 + Level 0.8 Ranged Weapons
 * Level 2.6 Dodging
 * Level 2.8 Stealth
 * Level 4.1 Spellcasting
 * Level 1.1 Summonings
 + Level 5.3 Necromancy


You couldn't memorise any spells.
You knew the following spells:

 Your Spells              Type           Power      Damage    Failure   Level
a - Necrotise             Necr           100%       1d9       1%          1
b - Call Imp              Summ           20%        N/A       16%         2
c - Animate Dead          Necr           30%        N/A       19%         4
d - Vampiric Draining     Necr           30%        2d8       5%          3
e - Beastly Appendage     Tmut           10%        N/A       17%         1
f - Passwall              Tmut/Erth      4%         N/A       26%         2

Your spell library contained the following spells:

 Spells                   Type           Power      Damage    Failure   Level
 Magic Dart               Conj           20%        1d4       17%         1
 Sandblast                Erth           10%        2d5       17%         1
 Searing Ray              Conj           10%        2d4       26%         2
 Wereblood                Tmut           5%         N/A       26%         2
 Mephitic Cloud           Conj/Pois/Air  5%         N/A       45%         3
 Spider Form              Tmut/Pois      5%         N/A       45%         3
 Stone Arrow              Conj/Erth      10%        3d7       45%         3
 Agony                    Necr           30%        N/A       45%         5
 Fulminant Prism          Conj/Hex       2%         3d5       86%         4
 Leda's Liquefaction      Hex/Erth       2%         N/A       86%         4
 Lee's Rapid Deconstruct  Erth           2%         3d5*      99%         5
 Statue Form              Tmut/Erth      3%         N/A       100%        6


Dungeon Overview and Level Annotations

Branches:
Dungeon (4/15)
 Temple: D:4-7

Altars:
Makhleb
Xom

Shops:
D:2 [


Innate Abilities, Weirdness & Mutations

You are partially covered in sharp spines.
You have sharp toenails.
You sometimes lose your temper in combat.
You passively map a small area around you.
Your system is resistant to poisons. (rPois)


Message History

The sleepcap barely misses you.
You hit the sleepcap. You claw the sleepcap.
The sleepcap is severely damaged.
You block the sleepcap's attack.
A red film seems to cover your vision as you go berserk!
You feel yourself moving faster!
You feel mighty!
You hit the sleepcap.
The sleepcap is poisoned.
The sleepcap is severely damaged.
The sleepcap is struck by your spines. The sleepcap releases spores at you!
You puncture the sleepcap!
You destroy the sleepcap!
Calm down first, please.
A ball python comes into view.
Found a club.
You feel a strong urge to attack something.
Found a trident.
The orc shouts!
An ogre comes into view. It is wielding a +0 giant club.
Found a scroll labelled ZAURUEFROEQA.
You feel your anger nearly subside.
The ball python is struck by your spines.
You kill the ball python!
Found a stone staircase leading down.
You are no longer berserk.
You are exhausted.
You feel yourself slow down.
You see here a ball python corpse.
The orc hits you from afar with a +0 trident!
The orc closely misses you. The orc is struck by your spines.
The orc barely misses you. The ogre is struck by your spines.
The ogre hits you with a +0 giant club!
You are too injured to fight recklessly!
Okay, then.
You fade into invisibility!
The orc hits you with a +0 trident. The ogre is struck by your spines.
The ogre closely misses you. The orc closely misses you.
You feel clever all of a sudden.
The ogre hits you with a +0 giant club!!
Ouch! That really hurt!
You die...

.##.#..........
.##.....)......#* #..##
##.............. *#....##
##..#.......##..##..>...#
*
#...#......##*...........
#.........## #..........
..######### #.....)....
.. * *#......... #.
###########@Oo......
#,...).........†.........
# ..#*####...............
##..# ##......#.........
.##.# ##......###.......#
.##.###.....### #.......#
..#.##.....## ##.....##
..#.#.[..### ##..##
#.†.....## ?##


You could see an ogre (unable to see you) and an orc (unable to see you).

Vanquished Creatures
  Sigmund (D:2)
  An ogre (D:4)
  A sleepcap (D:4)
  An orc wizard (D:3)
  6 adders
  A white imp (D:3)
  A worm (D:2)
  2 dart slugs (D:1)
  11 orcs
  7 ball pythons
  2 bats
  4 endoplasms
  A giant cockroach (D:1)
  7 goblins
  8 hobgoblins
  3 quokkas
  A frilled lizard (D:1)
  5 kobolds
  6 rats
69 creatures vanquished.

Vanquished Creatures (collateral kills)
  2 orcs (D:3)
  A goblin (D:3)
3 creatures vanquished.

Grand Total: 72 creatures vanquished

Notes
Turn   | Place    | Note
-------+----------+-------------------------------------------
     0 | D:1      | Danienth the Demonspawn Necromancer began the quest for the
                  | Orb.
     0 | D:1      | Reached XP level 1. HP: 13/13 MP: 3/3
     2 | D:1      | Noticed an octopode
     2 | D:1      | Noticed a formicid
     4 | D:1      | Noticed a meteoran
     4 | D:1      | Noticed a demigod
     6 | D:1      | Noticed a troll
     8 | D:1      | Noticed a gargoyle
     8 | D:1      | Noticed an elf
    10 | D:1      | Noticed an armataur
    13 | D:1      | Noticed a draconian
    13 | D:1      | Noticed an ogre
    15 | D:1      | Noticed a human
    15 | D:1      | Noticed a felid
    17 | D:1      | Noticed a demonspawn
    17 | D:1      | Noticed a naga
    19 | D:1      | Noticed a tengu
    21 | D:1      | Noticed a vampire
    21 | D:1      | Noticed a ghoul
    23 | D:1      | Noticed a vine stalker
    23 | D:1      | Noticed a spriggan
    25 | D:1      | Noticed a minotaur
    25 | D:1      | Noticed a demigod
    27 | D:1      | Noticed a meteoran
    27 | D:1      | Noticed a merfolk
   216 | D:1      | Gained mutation: You are partially covered in sharp spines.
                  | [demonic ancestry]
   216 | D:1      | Reached XP level 2. HP: 20/20 MP: 0/5
   665 | D:1      | Found a faded altar of an unknown god.
   671 | D:1      | Prayed at the altar of an unknown god.
   671 | D:1      | Became a worshipper of Xom of Chaos
   719 | D:1      | Learned a level 2 spell: Call Imp
  1422 | D:2      | Reached XP level 3. HP: 20/25 MP: 0/6
  1473 | D:2      | XOM: noise
  1486 | D:2      | Found a burning altar of Makhleb.
  1583 | D:2      | XOM: divination: magic mapping
  1717 | D:2      | Found Byicaisu's Antique Armour Emporium.
  1721 | D:2      | XOM: divination: detect creatures
  1742 | D:2      | Reached skill level 1 in Fighting
  2231 | D:2      | Noticed Sigmund
  2234 | D:2      | XOM: smoke on damage
  2240 | D:2      | XOM: potion effect (curing)
  2261 | D:2      | XOM: potion effect (might)
  2275 | D:2      | Killed Sigmund
  2276 | D:2      | Reached skill level 1 in Short Blades
  2276 | D:2      | Reached skill level 5 in Necromancy
  2276 | D:2      | Reached XP level 4. HP: 27/32 MP: 7/9
  2276 | D:2      | Reached XP level 5. HP: 31/37 MP: 7/10
  2365 | D:2      | XOM: silly message
  2721 | D:3      | XOM: silly message
  2736 | D:3      | Reached XP level 6. HP: 37/44 MP: 0/11
  3158 | D:2      | Bought an embroidered robe for 88 gold pieces
  3193 | D:4      | Identified the +6 long sword of Opniutu {holy, rPois rF+
                  | Will+ Dex-2}
  3195 | D:4      | Fell from the grace of Xom
  3353 | D:4      | Reached skill level 1 in Summonings
  3439 | D:4      | XOM: noise
  3470 | D:4      | Gained mutation: You have sharp toenails. [potion of
                  | mutation]
  3470 | D:4      | Gained mutation: Your system is resistant to poisons.
                  | (rPois) [potion of mutation]
  3470 | D:4      | Gained mutation: You sometimes lose your temper in combat.
                  | [potion of mutation]
  3482 | D:4      | Learned a level 4 spell: Animate Dead
  3486 | D:4      | Learned a level 3 spell: Vampiric Draining
  3488 | D:4      | Learned a level 1 spell: Beastly Appendage
  3491 | D:4      | Learned a level 2 spell: Passwall
  3556 | D:4      | XOM: give mutation
  3556 | D:4      | Gained mutation: You passively map a small area around you.
                  | [Xom's mischief]
  3695 | D:4      | Mangled by an ogre

Illustrated notes

Levels and vault maps discovered:
D:1:      kb_arrival_jail, layout_loops_ring,
          shapermc_ecumenical_altar_hornbeckon, kennysheep_crisscross,
          amethyst_killhole
D:2:      layout_basic, basic_altar, serial_shops,
          nicolae_shop_just_a_little_nook, uniq_sigmund
D:3:      layout_rooms
D:4:      layout_cave_pods, minmay_misc_feat_x

Skill      XL: |  1  2  3  4  5  6 |
---------------+-------------------+-----
Stealth        | 2 |  2.8
Dodging        | 2 |  2.6
Fighting       | 1 2 |  2.0
Short Blades   | 1 |  1.6
Spellcasting   | 3 4 |  4.1
Necromancy     | 5 |  5.3
Summonings     | 1 |  1.1
Ranged Weapons | |  0.8

Action                     |  1- 3 |  4- 6 || total
---------------------------+-------+-------++-------
  Melee: Unarmed           |     4 |       ||     4
         Dagger            |     5 |     4 ||     9
         Short sword       |       |    30 ||    30
         Kick              |       |     4 ||     4
   Fire: Sling             |    15 |       ||    15
   Cast: Necrotise         |    54 |    48 ||   102
         Call Imp          |     2 |     2 ||     4
 Invoke: Renounce Religion |       |     1 ||     1
    Use: Potion            |     3 |     3 ||     6
         Scroll            |     2 |     5 ||     7
   Stab: Sleeping          |       |     3 ||     3
 Armour: Robe              |     6 |     7 ||    13
  Dodge: Dodged            |    18 |    25 ||    43
  Block: Other             |       |     9 ||     9
         Reflection        |       |     1 ||     1
